 Dungeon Crawl Stone Soup version 0.17-a0-1510-gb3fb22e (webtiles) character file.

5125 bal the Magician (level 10, 0/49 HPs)
             Began as a Vine Stalker Air Elementalist on July 11, 2015.
             Was a Believer of Vehumet.
             Slain by an orc warrior
             ... wielding a +0 long sword
              (16 damage)
             ... on level 10 of the Dungeon.
             The game lasted 01:19:53 (8169 turns).

bal the Magician (Vine Stalker Air Elementalist)    Turns: 8169, Time: 01:19:53

Health: 0/49       AC:  9    Str: 12    XL:     10   Next: 58%
Magic:  0/21       EV: 10    Int: 18    God:    Vehumet [**....]
Gold:   329        SH:  0    Dex: 14    Spells: 6 memorised, 6 levels left

rFire  + . .     SeeInvis .     a - +4 quarterstaff (chaos)
rCold  . . .     Clarity  .     r - +0 robe
rNeg   . . .     SustAt   .     (no shield)
rPois  +         Gourm    .     (no helmet)
rElec  .         Spirit   +     s - +2 cloak {rPois}
rCorr  .         Warding  .     i - +2 pair of gloves
rMut   .         Stasis   .     j - +0 pair of boots
MR     +....                    (no amulet)
Stlth  ++++......               (no ring)
                                H - ring "Jemna" {rF+ Slay+5 Stlth+}

@: repel missiles, somewhat resistant to hostile enchantments, stealthy
A: fangs 3, regeneration 2, magic shield, antimagic bite, no device heal 3, rot
immunity
a: Renounce Religion


You were on level 10 of the Dungeon.
You worshipped Vehumet.
Vehumet was pleased with you.
You were not hungry.

You visited 2 branches of the dungeon, and saw 11 of its levels.
You also visited: Sewer.

You collected 444 gold pieces.
You spent 115 gold pieces at shops.

Inventory:

Hand weapons
 a - a +4 quarterstaff of chaos (weapon)
 b - a +0 blowgun
 e - a +1 antimagic hand axe
 g - a +1 hand axe
 t - a +2 hammer of protection
 w - a +4 short sword of venom
 x - a +2 dagger of draining
 y - a +2 long sword of electrocution
Missiles
 h - 47 poisoned needles
 n - a throwing net (quivered)
 K - 3 poisoned tomahawks
Armour
 i - a +2 pair of gloves (worn)
 j - a +0 pair of boots (worn)
 r - a +0 robe (worn)
 s - a +2 cloak of poison resistance (worn)
 E - a +1 leather armour of fire resistance
Jewellery
 p - an uncursed ring of see invisible {unknown}
 C - an uncursed ring of magical power {unknown}
 D - an uncursed amulet of warding {unknown}
 H - the ring "Jemna" (left hand) {rF+ Slay+5 Stlth+}
   (You bought it in a shop on level 7 of the Dungeon)

   [ring of protection from fire]

   It affects your accuracy and damage with ranged weapons and melee attacks
   (+5).
   It protects you from fire.
   It makes you more stealthy.
Magical devices
 l - a wand of frost (0)
 o - a wand of draining (0)
 q - a wand of disintegration (0)
 B - a wand of lightning (0)
Scrolls
 d - 4 scrolls of magic mapping
 m - 3 scrolls of immolation
 v - a scroll of remove curse
 z - a scroll of fog {unknown}
Potions
 f - 3 potions of curing
Books
 A - a book of Air

   Spells                             Type                      Level
   a - Shock                          Conjuration/Air              1
   b - Swiftness                      Charms/Air                   2
   c - Repel Missiles                 Charms/Air                   2
   d - Static Discharge               Conjuration/Air              3
   e - Lightning Bolt                 Conjuration/Air              5
 G - a book of Flames

   Spells                             Type                      Level
   a - Flame Tongue                   Conjuration/Fire             1
   b - Throw Flame                    Conjuration/Fire             2
   c - Conjure Flame                  Conjuration/Fire             3
   d - Inner Flame                    Hexes/Fire                   3
   e - Sticky Flame                   Conjuration/Fire             4
   f - Fireball                       Conjuration/Fire             5
Comestibles
 c - a bread ration
 k - 4 chunks of flesh
 u - 10 fruits
 F - a meat ration


   Skills:
 + Level 3.0 Fighting
 + Level 1.2 Axes
 + Level 3.3 Staves
 + Level 3.4 Throwing
 + Level 5.3 Dodging
 + Level 7.0 Stealth
 + Level 7.1 Spellcasting
 + Level 5.2 Conjurations
 + Level 1.4 Hexes
 + Level 1.0 Charms
 + Level 1.2 Fire Magic
 + Level 6.8 Air Magic
 + Level 1.3 Evocations


You had 6 spell levels left.
You knew the following spells:

 Your Spells              Type           Power        Failure   Level  Hunger
a - Shock                 Conj/Air       ####         1%          1    None
b - Static Discharge      Conj/Air       ####....     2%          3    ##.....
c - Lightning Bolt        Conj/Air       ####......   28%         5    #####..
d - Repel Missiles        Chrm/Air       ###...       3%          2    None
e - Inner Flame           Hex/Fire       ##......     21%         3    ##.....
f - Conjure Flame         Conj/Fire      ###.....     10%         3    ##.....


Dungeon Overview and Level Annotations

Branches:
Dungeon (10/15)            Temple (1/1) D:7            Lair (0/8) D:8
    Orc (0/4) D:10

Altars:
Ashenzari
Cheibriados
Dithmenos
Elyvilon
Fedhas
Gozag
Kikubaaqudgha
Makhleb
Nemelex Xobeh
Okawaru
Qazlal
Ru
Sif Muna
Trog
Vehumet
Xom
Yredelemnul
Zin
The Shining One

Shops:
D:6 :   D:7 *   D:8 :

Annotations:
D:4 Ajdolov's ghost, average MfGl
D:5 1 runed door
D:9 nago's ghost, experienced HuWn
D:10 Sonja


Innate Abilities, Weirdness & Mutations

You have razor-sharp teeth.
You heal very quickly.
When hurt, damage is shared between your health and your magic reserves.
Your bite disrupts and absorbs the magic of your enemies.
Potions and wands cannot restore your health.
You are immune to rotting.


Message History

The lightning arcs!
The orc warrior is struck by lightning.
The orc warrior is heavily wounded.
The lightning grounds out.
The wight misses you. The orc warrior closely misses you.
The orc warrior hits you with a long sword!
Casting: Static Discharge
Confirm with . or Enter, or press ? or * to list all spells.
The orc warrior is struck by lightning.
You kill the orc warrior!
Vehumet accepts your kill.
You feel your power returning.
The lightning arcs!
The wight is struck by lightning.
The wight is moderately damaged.
The lightning grounds out.
The orc warrior is struck by lightning.
The orc warrior is severely wounded.
The lightning arcs!
The wight is struck by lightning.
The wight is moderately damaged.
The lightning grounds out.
The wight closely misses you. The wight misses you.
The orc warrior hits you with a long sword!
You die...

#####+####### #.
#...........# #.
#....@z.....# #.###
#...zoz...?.# #...####
#...........# #....J.##
#.....[......
#.......###............
#..._..................
#......#####+##........
#......# #.......>
##.##### ##.......


You could see an orc warrior and 3 wights.

Vanquished Creatures
  A troll (D:9)
  Grinder (D:6)
  Prince Ribbit (D:8)
  A deep elf mage (D:9)
  3 yaks (D:8)
  2 hippogriffs
  A deep elf fighter (D:8)
  Menkaure (D:6)
  Edmund (D:4)
  4 orc warriors
  An ice beast (D:8)
  4 ogres
  A black bear (D:6)
  2 necrophages
  A centaur (D:6)
  Blork the orc (D:4)
  2 giant frogs (D:9)
  4 scorpions
  3 jellies
  3 crimson imps
  2 centaur zombies
  6 hounds
  7 orc wizards
  Crazy Yiuf (D:4)
  4 orc priests
  A centaur skeleton (D:8)
  A giant frog skeleton (D:4)
  2 iguanas (D:8)
  Natasha (thrice) (D:2)
  9 worker ants
  A killer bee zombie (D:7)
  A hound zombie (D:5)
  2 river rats (D:8)
  8 adders
  8 gnolls
  A shadow imp (D:6)
  An ooze (D:1)
  An adder zombie (D:9)
  2 worms
  5 giant geckos
  17 orcs
  21 bats
  A bat skeleton (D:8)
  8 giant cockroaches
  5 goblins
  16 hobgoblins
  9 jackals
  20 kobolds
  A giant gecko skeleton (D:4)
  4 giant newts
  8 quokkas
  28 rats
242 creatures vanquished.

Vanquished Creatures (others)
  8 fungi (D:8)
  3 plants (D:8)
11 creatures vanquished.

Grand Total: 253 creatures vanquished

Notes
Turn   | Place    | Note
--------------------------------------------------------------
     0 | D:1      | bal the Vine Stalker Air Elementalist began the quest for the Orb.
     0 | D:1      | Reached XP level 1. HP: 9/9 MP: 4/4
   124 | D:1      | Reached XP level 2. HP: 10/13 MP: 0/6
   254 | D:1      | Found an iron altar of Okawaru.
   442 | D:1      | Reached XP level 3. HP: 16/16 MP: 4/8
   447 | D:1      | Learned a level 3 spell: Static Discharge
  1028 | D:2      | Noticed Natasha
  1481 | D:3      | Reached XP level 4. HP: 21/21 MP: 6/10
  2017 | D:2      | Killed Natasha
  2017 | D:2      | Reached XP level 5. HP: 17/24 MP: 1/11
  2263 | D:2      | Noticed Natasha
  2266 | D:2      | Killed Natasha
  2293 | D:2      | Noticed Natasha
  2303 | D:2      | Killed Natasha
  2387 | D:2      | Reached skill level 4 in Air Magic
  2570 | D:4      | Noticed an ogre
  2575 | D:4      | Killed an ogre
  2575 | D:4      | Gained mutation: You heal very quickly. [Vine Stalker growth]
  2575 | D:4      | Reached XP level 6. HP: 29/29 MP: 9/12
  2576 | D:4      | Noticed Edmund
  2579 | D:4      | Killed Edmund
  2579 | D:4      | Reached skill level 1 in Fighting
  2579 | D:4      | Reached skill level 1 in Axes
  2579 | D:4      | Reached skill level 1 in Evocations
  2598 | D:4      | Learned a level 5 spell: Lightning Bolt
  2617 | D:4      | Noticed Ajdolov's ghost (average MfGl)
  2813 | D:4      | Noticed Crazy Yiuf
  2819 | D:4      | Killed Crazy Yiuf
  2819 | D:4      | Reached XP level 7. HP: 33/33 MP: 8/14
  2877 | D:4      | Found an iron altar of Okawaru.
  2978 | D:4      | Noticed Blork the orc
  3197 | D:4      | Killed Blork the orc
  3387 | D:5      | Entered Level 5 of the Dungeon
  3553 | D:5      | Found a basalt altar of Yredelemnul.
  3629 | D:5      | Found a runed door.
  3629 | D:5      | Found a glowing silver altar of Zin.
  3629 | D:5      | Noticed an angel
  3660 | D:5      | Found a glowing drain.
  3684 | Sewer    | Entered a sewer
  3780 | Sewer    | Noticed Eleanoora's ghost (average CeWr)
  3814 | D:5      | Reached skill level 5 in Air Magic
  3824 | D:5      | Gained mutation: You are agile. (Dex +2) [potion of beneficial mutation]
  3828 | D:5      | Gained mutation: You have razor-sharp teeth. [Vine Stalker growth]
  3828 | D:5      | Reached XP level 8. HP: 15/37 MP: 1/16
  3947 | D:5      | Reached skill level 5 in Spellcasting
  4388 | D:5      | Learned a level 2 spell: Repel Missiles
  4493 | D:5      | Reached skill level 1 in Staves
  4676 | D:6      | Noticed Grinder
  4678 | D:6      | Noticed Menkaure
  4693 | D:6      | Killed Grinder
  4720 | D:6      | Found Hirasafe's Book Shop.
  4724 | D:6      | Killed Menkaure
  4724 | D:6      | Reached skill level 1 in Charms
  4924 | D:6      | Reached XP level 9. HP: 42/42 MP: 15/18
  5031 | D:6      | Reached skill level 5 in Stealth
  5311 | D:6      | Learned a level 3 spell: Inner Flame
  5547 | D:6      | Gained mutation: Scrolls take you a little longer to read. [potion of mutation]
  5547 | D:6      | Gained mutation: You are frail (-10% HP). [potion of mutation]
  5547 | D:6      | Gained mutation: You tend to lose your temper in combat. [potion of mutation]
  5548 | D:6      | Lost mutation: Scrolls take you a little longer to read. [potion of cure mutation]
  5548 | D:6      | Lost mutation: You are frail (-10% HP). [potion of cure mutation]
  5548 | D:6      | Lost mutation: You tend to lose your temper in combat. [potion of cure mutation]
  5548 | D:6      | Lost mutation: You are agile. (Dex +2) [potion of cure mutation]
  5947 | D:7      | Found a staircase to the Ecumenical Temple.
  5954 | Temple   | Entered the Ecumenical Temple
  6038 | Temple   | Became a worshipper of Vehumet
  6171 | D:7      | Reached skill level 6 in Spellcasting
  6256 | D:7      | Found Uguun's Assorted Antiques.
  6259 | D:7      | Bought a shimmering jade ring for 115 gold pieces
  6467 | D:8      | Found Miuregit's Book Emporium.
  6530 | D:8      | Noticed Prince Ribbit
  6891 | D:8      | Killed Prince Ribbit
  6891 | D:8      | Reached skill level 1 in Throwing
  6904 | D:8      | Acquired Vehumet's first power
  6904 | D:8      | Offered knowledge of Sting by Vehumet.
  7104 | D:9      | Reached skill level 1 in Fire Magic
  7104 | D:9      | Reached XP level 10. HP: 15/47 MP: 1/21
  7241 | D:9      | Identified the ring "Jemna" {rF+ Slay+5 Stlth+} (You bought it in a shop on level 7 of the Dungeon)
  7270 | D:9      | Noticed nago's ghost (experienced HuWn)
  7298 | D:8      | Reached skill level 5 in Dodging
  7298 | D:8      | Reached skill level 5 in Conjurations
  7439 | D:8      | Learned a level 3 spell: Conjure Flame
  7455 | D:8      | Offered knowledge of Throw Frost by Vehumet.
  7504 | D:8      | Noticed a centaur zombie
  7514 | D:8      | Killed a centaur zombie
  7514 | D:8      | Reached skill level 1 in Hexes
  7571 | D:8      | Reached skill level 7 in Spellcasting
  7611 | D:8      | Found a staircase to the Lair.
  8034 | D:10     | Entered Level 10 of the Dungeon
  8034 | D:10     | Noticed Sonja
  8052 | D:10     | Found a white marble altar of Elyvilon.
  8067 | D:10     | Found a staircase to the Orcish Mines.
  8069 | D:10     | Offered knowledge of Ignite Poison by Vehumet.
  8169 | D:10     | Slain by an orc warrior

Vault maps used:
D:1:      erik_arrival_cave_to_civilisation, okawaru_ov_weapons_minmay
D:2:      first_bread, minmay_misc_feat_hallway, moated_statue, uniq_natasha
D:3:      mrwooster_statue_mirror
D:4:      lemuel_crystal_altar, uniq_blork_the_orc, uniq_crazy_yiuf_cottage,
          uniq_edmund
D:5:      portal_sewer_entry_f, basic_altar, lemuel_angel_altar
D:6:      serial_shops, shop, uniq_menkaure, uniq_grinder
D:7:      minmay_temple_entry_enclosed_plants, serial_shops,
          nicolae_shop_behind_doors
D:8:      grunt_lair_entry_elf_guard_hut, serial_shops,
          nicolae_shop_temple_entry_statues_fountains, uniq_prince_ribbit1
D:10:     david_orc_3, basic_altar, david_nohive_1, minmay_misc_feat_enclosed,
          uniq_sonja
Temple:   grunt_circular_temple_18
Sewer:    sewer_minmay_treatment

Action                   |  1- 3 |  4- 6 |  7- 9 | 10-12 || total
-------------------------+-------+-------+-------+-------++-------
Melee: Unarmed           |    13 |       |       |       ||    13
       Hand axe          |    19 |    22 |       |       ||    41
       Quarterstaff      |       |       |   165 |    49 ||   214
 Fire: Blowgun           |       |       |    52 |    15 ||    67
 Cast: Shock             |    53 |    60 |   119 |    24 ||   256
       Static Discharge  |     9 |    10 |    51 |    15 ||    85
       Lightning Bolt    |       |       |     2 |     1 ||     3
       Repel Missiles    |       |       |     1 |     1 ||     2
       Inner Flame       |       |       |     4 |     3 ||     7
Evoke: Wand              |       |    19 |     8 |       ||    27
  Use: Potion            |     1 |     5 |     9 |     2 ||    17
       Scroll            |     1 |     6 |     9 |     1 ||    17
 Stab: Paralysed         |       |       |     6 |     1 ||     7
       Invisible         |       |       |     2 |     1 ||     3
       Sleeping          |       |       |     3 |     5 ||     8
       Petrified         |       |       |       |     1 ||     1
  Eat: Chunk             |     2 |     2 |     3 |     2 ||     9
       Bread ration      |     1 |       |     2 |       ||     3
       Beef jerky        |       |       |     5 |       ||     5
       Pizza             |       |       |       |     1 ||     1
